 Dungeon Crawl Stone Soup version 0.17.1-3-g152610e (webtiles) character file.

401 DEFE the Covered (level 6, -1/37 HPs)
             Began as a Deep Elf Fighter on Apr 22, 2016.
             Was an Initiate of Vehumet.
             Killed by divine providence
             ... invoked by an orc priest
              (16 damage)
             ... on level 4 of the Dungeon.
             The game lasted 00:08:06 (5425 turns).

DEFE the Covered (Deep Elf Fighter)                 Turns: 5425, Time: 00:08:06

Health: -1/37      AC:  7    Str: 13    XL:     6   Next: 54%
Magic:  10/10      EV: 10    Int: 15    God:    Vehumet [......]
Gold:   130        SH:  0    Dex: 14    Spells: 0 memorised, 8 levels left

rFire  . . .     SeeInvis .     m - +0 dagger (venom)
rCold  . . .     Clarity  .     b - +0 scale mail
rNeg   . . .     SustAt   .     (no shield)
rPois  .         Gourm    .     (no helmet)
rElec  .         Spirit   .     (no cloak)
rCorr  .         Warding  .     (no gloves)
rMut   .         Stasis   .     (no boots)
MR     +....                    (no amulet)
Stlth  ..........               p - ring of protection from magic
                                f - ring of invisibility

@: somewhat resistant to hostile enchantments, extremely unstealthy
A: no striking features
a: Renounce Religion, Evoke Invisibility


You were on level 4 of the Dungeon.
You worshipped Vehumet.
Vehumet was noncommittal.
You were not hungry.

You visited 1 branch of the dungeon, and saw 4 of its levels.
You also visited: Sewer.

You collected 130 gold pieces.

Inventory:

Hand Weapons
 a - a +0 rapier
 m - a +0 dagger of venom (weapon)
 q - a +0 blowgun
Missiles
 r - 29 poisoned needles
Armour
 b - a +0 scale mail (worn)
Jewellery
 f - a ring of invisibility (left hand)
 p - a ring of protection from magic (right hand)
Scrolls
 c - 9 scrolls of remove curse
 g - 2 scrolls of teleportation {unknown}
 i - 3 scrolls of enchant weapon {unknown}
 j - a scroll of immolation
 k - 3 scrolls of fear
 s - 2 scrolls of fog {unknown}
 t - a scroll of recharging {unknown}
 v - a scroll of enchant armour {unknown}
 y - a scroll of random uselessness {unknown}
Potions
 d - a potion of flight
 h - 2 potions of curing
 l - a potion of poison {unknown}
 o - 4 potions of heal wounds
 u - a potion of lignification
 w - a potion of resistance {unknown}
 z - a potion of brilliance
Comestibles
 e - 4 bread rations
 n - a meat ration
 A - a royal jelly


   Skills:
 + Level 3.6 Fighting
 + Level 3.6 Short Blades
 + Level 3.8 Armour
 + Level 3.6 Dodging
   Level 2.4 Shields
 + Level 1.6 Spellcasting


You had 8 spell levels left.
You didn't know any spells.

Dungeon Overview and Level Annotations

Branches:
Dungeon (4/15)
 Temple: D:4-7

Altars:
Cheibriados
Fedhas
Okawaru
Trog
Vehumet


Message History

The orc hits you but does no damage.
The orc priest calls down the wrath of Beogh upon you.
Pain shoots through your body!
You barely miss the orc priest. The orc hits you but does no damage.
You hit the orc priest but do no damage.
The orc priest hits you but does no damage.
The orc hits you with a whip.
You closely miss the orc priest. The orc priest barely misses you.
The orc barely misses you.
You hit the orc priest.
The orc priest is poisoned.
The orc priest is lightly wounded.
The orc hits you.
The orc priest calls down the wrath of Beogh upon you.
Something smites you!
You hit the orc priest.
The orc priest looks even sicker.
The orc priest is moderately wounded.
The orc hits you but does no damage. The orc barely misses you.
The orc priest mumbles some strange prayers to Beogh against you.
Something smites you!
You die...

#..#....###....##
#.......# #.....##
#......## ##.....# ..
#......# ##.....## ..
######......## #.......#
##
.............###........
.............[##........
#...ooo...............
##.@................
##.................
#.........###....#
##.....##### ##....
#..##.## ##... ##.###.#
##.. #.## #.# ##. ###
### ##


You could see an orc priest and 2 orcs.

Vanquished Creatures
  Purgy (Sewer)
  An orc priest (D:3)
  2 hounds
  A centaur skeleton (D:4)
  8 adders
  An ooze (D:4)
  4 worms
  3 giant geckos
  8 orcs
  A ball python (D:4)
  6 bats
  6 giant cockroaches
  5 hobgoblins
  5 jackals (D:3)
  11 kobolds
  2 quokkas (D:4)
  A giant gecko skeleton (D:4)
  8 giant newts
  13 goblins
  A quokka skeleton (D:4)
  14 rats
102 creatures vanquished.

Notes
Turn   | Place    | Note
--------------------------------------------------------------
     0 | D:1      | DEFE the Deep Elf Fighter began the quest for the Orb.
     0 | D:1      | Reached XP level 1. HP: 13/13 MP: 3/3
   472 | D:1      | Reached XP level 2. HP: 16/18 MP: 4/4
  1280 | D:2      | Reached XP level 3. HP: 18/22 MP: 5/5
  1295 | D:2      | Reached skill level 1 in Dodging
  2037 | D:3      | Reached skill level 3 in Fighting
  2165 | D:3      | Reached XP level 4. HP: 25/28 MP: 6/6
  2485 | D:3      | Found a glowing drain.
  2489 | Sewer    | Entered a sewer
  2623 | Sewer    | Noticed Purgy
  2632 | Sewer    | Killed Purgy
  2632 | Sewer    | Reached XP level 5. HP: 17/32 MP: 7/7
  3286 | D:3      | Reached XP level 6. HP: 20/37 MP: 8/8
  3821 | D:3      | Found a snail-covered altar of Cheibriados.
  3834 | D:3      | Found a blossoming altar of Fedhas.
  3834 | D:3      | Found an iron altar of Okawaru.
  3836 | D:3      | Found a bloodstained altar of Trog.
  3837 | D:3      | Found a radiant altar of Vehumet.
  4002 | D:3      | Became a worshipper of Vehumet
  4325 | D:4      | Reached skill level 1 in Spellcasting
  5425 | D:4      | Killed from afar by an orc priest

Action                   |  1- 3 |  4- 6 || total
-------------------------+-------+-------++-------
Melee: Rapier            |   183 |    88 ||   271
       Dagger            |       |   203 ||   203
  Use: Scroll            |     5 |     3 ||     8
       Potion            |     3 |     2 ||     5
  Eat: Chunk             |     4 |    11 ||    15
